Map: Romanticide LE

Players

Astrea

  • Race: Protoss Protoss
  • League: Master
  • Spawn Location: 5:00

Neeb - Winner!

  • Race: Protoss Protoss
  • Spawn Location: 11:00

Event: DreamHack SC2 Masters 2020 Winter

VOD

Have the link to the VOD?

Description

Time

  • Played on: Oct. 27, 2020, 5:24 p.m.
  • Length: 18:37

All games in this series

Show
View Real Time Build Order
Export as new Build Order

Astrea Protoss 

Build Orders: Oracle Opening 

Get SALT Encoding   

  12  0:00  Probe  
  13  0:12  Probe  
  14  0:17  Pylon  
  14  0:24  Probe (Chrono Boost)  
  15  0:36  Gateway, Probe (Chrono Boost)  
  16  0:44  Probe (Chrono Boost)  
  16  0:45  Assimilator  
  17  0:51  Probe  
  17  0:54  Assimilator  
  18  1:03  Probe (Chrono Boost)  
  20  1:12  Probe (Chrono Boost)  
  20  1:17  Probe (Chrono Boost)  
  20  1:23  Cybernetics Core  
  20  1:25  Pylon  
  21  1:29  Probe  
  22  1:41  Probe  
  23  1:53  Probe  
  24  1:59  Stalker (Chrono Boost)  
  24  2:00  Warp Gate  
  26  2:05  Probe  
  27  2:17  Stargate, Probe  
  27  2:21  Stalker (Chrono Boost)  
  27  2:22  Pylon  
  31  2:30  Probe  
  31  2:42  Probe  
  32  2:46  Nexus  
  32  2:54  Probe  
  33  3:00  Oracle (Chrono Boost)  
  36  3:08  Probe  
  36  3:09  Shield Battery  
  37  3:18  Pylon  
  37  3:21  Probe  
  37  3:23  Pylon  
  38  3:34  Probe  
  39  3:36  Oracle  
  41  3:42  Twilight Council  
  41  3:45  Gateway  
  41  3:48  Probe  
  42  3:53  Sentry  
  45  4:03  Probe (Chrono Boost)  
  45  4:04  Probe (Chrono Boost)  
  46  4:15  Probe (Chrono Boost)  
  46  4:16  Blink (Chrono Boost), Probe (Chrono Boost)  
  48  4:19  Probe (Chrono Boost)  
  49  4:24  Probe  
  49  4:27  Gateway  
  49  4:30  Forge, Probe  
  51  4:34  Assimilator  
  51  4:36  Probe  
  52  4:40  Sentry  
  52  4:43  Probe  
  55  4:48  Probe  
  55  4:49  Pylon  
  56  4:55  Probe  
  56  4:57  Protoss Ground Weapons Level 1 (Chrono Boost)  
  57  5:00  Probe  
  57  5:04  Nexus  
  58  5:07  Probe  
  58  5:13  Probe  
  60  5:16  Stalker x2  
  60  5:19  Probe  
  65  5:25  Robotics Facility  
  65  5:27  Probe (Chrono Boost)  
  66  5:30  Pylon  
  66  5:31  Probe (Chrono Boost)  
  67  5:41  Probe (Chrono Boost)  
  67  5:42  Probe (Chrono Boost)  
  69  5:45  Pylon  
  69  5:46  Probe (Chrono Boost)  
  69  5:49  Probe  
  71  5:55  Stalker x3  
  77  5:57  Shield Battery  
  77  5:58  Probe  
  77  6:03  Probe  
  79  6:10  Probe  
  80  6:15  Observer, Probe  
  80  6:16  Charge  
  80  6:17  Probe  
  83  6:20  Stalker x2  
  83  6:21  Stalker  
  83  6:22  Probe  
  90  6:27  Probe  
  90  6:29  Probe  
  90  6:31  Assimilator  
  92  6:39  Pylon  
  92  6:40  Gateway  
  92  6:42  Gateway, Probe  
  92  6:43  Dark Shrine  
  93  6:49  Probe  
  93  6:52  Probe  
  91  6:55  Probe  
  92  7:01  Nexus  
  92  7:04  Stalker x3  
  92  7:06  Probe x2  
  92  7:07  Probe  
  101  7:11  Assimilator  
  101  7:12  Observer  
  101  7:13  Assimilator  
  102  7:18  Gateway  
  102  7:20  Protoss Ground Weapons Level 2 (Chrono Boost)  
  102  7:23  Pylon  
  102  7:25  Photon Cannon  
  102  7:27  Shield Battery  
  102  7:31  Photon Cannon  
  100  7:39  Stalker x4  
  100  7:43  Stalker  
  109  7:47  Probe x2  
  112  7:51  Gateway  
  112  7:55  Gateway  
  112  7:57  Shadow Stride (Chrono Boost)  
  110  8:03  Dark Templar x2  
  114  8:06  Zealot  
  114  8:09  Pylon  
  114  8:10  Pylon  
  115  8:13  Stalker x2  
  115  8:19  Stalker  
  119  8:22  Immortal (Chrono Boost)  
  122  8:28  Stalker  
  124  8:36  Dark Templar x2  
  118  8:42  Zealot x3  
  112  8:53  Immortal (Chrono Boost)  
  112  8:54  Stalker x3  
  114  9:05  Probe x4  
  118  9:10  Stalker x4  
  118  9:12  Stalker  
  128  9:17  Probe  
  128  9:18  Stalker x2  
  133  9:25  Stalker  
  135  9:34  Pylon  
  135  9:36  Stalker x2  
  135  9:37  Stalker x2, Pylon  
  141  9:39  Stalker  
  141  9:42  Protoss Ground Weapons Level 3 (Chrono Boost)  
  143  9:58  Probe x3  
  143  9:59  Probe  
  146  10:00  Assimilator  
  146  10:02  Pylon  
  146  10:03  Assimilator  
  146  10:07  Robotics Bay  
  146  10:10  Probe x3  
  146  10:11  Pylon, Robotics Facility, Probe  
  150  10:17  Dark Templar x2  
  150  10:20  Stalker x2  
  158  10:24  Photon Cannon  
  158  10:25  Shield Battery  
  158  10:26  Photon Cannon  
  158  10:31  Stalker x3  
  164  10:36  Observer  
  165  10:43  Stalker x3  
  171  10:57  Disruptor (Chrono Boost)  
  175  11:05  Observer (Chrono Boost)  
  175  11:10  Zealot x2  
  179  11:13  Pylon  
  179  11:15  Pylon  
  179  11:16  Pylon  
  179  11:17  Robotics Facility  
  179  11:18  Observer  
  160  11:25  Disruptor (Chrono Boost)  
  160  11:26  Disruptor (Chrono Boost)  
  160  11:28  Nexus  
  160  11:32  Zealot x6  
  171  11:33  Zealot x2  
  171  11:39  Pylon  
  178  11:58  Dark Templar x6  
  178  11:59  Zealot x2  
  178  12:01  Disruptor (Chrono Boost)  
  199  12:04  Observer (Chrono Boost)  
  199  12:08  Nexus  
  196  12:17  Disruptor (Chrono Boost)  
  195  12:34  Disruptor, Nexus  
  196  12:44  Observer  
  196  12:57  Pylon  
  196  12:58  Pylon  
  196  12:59  Disruptor  
  196  13:01  Disruptor  
  196  13:02  Stalker  
  188  13:08  Dark Templar x4  
  188  13:09  Dark Templar x2, Pylon  
  191  13:29  Photon Cannon  
  191  13:31  Photon Cannon  
  191  13:32  Photon Cannon  
  191  13:33  Photon Cannon x2, Disruptor  
  191  13:34  Disruptor, Shield Battery  
  191  13:38  Pylon  
  197  13:41  Zealot  
  195  14:08  Disruptor  
  178  14:12  Zealot  
  178  14:13  Zealot x7  
  192  14:17  Protoss Shields Level 1  
  192  14:18  Disruptor x2  
  192  14:24  Observer  
  146  14:39  Stalker  
  146  14:40  Stalker x6  
  146  14:41  Probe  
  146  14:42  Probe x5  
  146  14:45  Observer (Chrono Boost)  
  167  14:48  Oracle  
  169  15:03  Nexus  
  169  15:04  Pylon  
  169  15:06  Stalker x8  
  187  15:09  Photon Cannon  
  187  15:10  Observer x2 (Chrono Boost)  
  187  15:12  Photon Cannon  
  187  15:13  Shield Battery  
  185  15:15  Assimilator  
  185  15:18  Assimilator  
  180  15:36  Dark Templar x8  
  167  15:58  Pylon  
  167  16:01  Disruptor x3  
  176  16:13  Zealot x8  
  134  16:36  Disruptor  
  134  16:37  Disruptor x2  
  129  16:40  Stalker x6  
  126  16:55  Stalker  
  126  16:56  Stalker  
  126  16:57  Observer  
  130  17:12  Disruptor x2  
  132  17:21  Nexus  
  132  17:29  Stalker x2  
  132  17:30  Stalker x2  
  137  17:38  Observer  
  102  18:00  Dark Templar x7  
Show
View Real Time Build Order
Export as new Build Order

Neeb Protoss - Winner!

Build Orders:  

Get SALT Encoding   

  12  0:00  Probe  
  13  0:12  Probe  
  14  0:17  Pylon  
  14  0:24  Probe (Chrono Boost)  
  15  0:36  Probe (Chrono Boost)  
  15  0:37  Gateway  
  16  0:45  Probe (Chrono Boost)  
  16  0:46  Assimilator  
  17  0:51  Probe  
  17  0:54  Assimilator  
  18  1:03  Probe (Chrono Boost)  
  19  1:10  Gateway  
  19  1:13  Probe (Chrono Boost)  
  19  1:18  Probe (Chrono Boost)  
  20  1:24  Cybernetics Core  
  21  1:29  Probe  
  22  1:35  Pylon  
  22  1:41  Probe  
  23  1:53  Probe  
  24  2:00  Stalker x2  
  24  2:01  Warp Gate  
  28  2:11  Pylon  
  30  2:39  Pylon  
  30  2:40  Nexus  
  30  2:41  Probe (Chrono Boost)  
  29  2:53  Probe (Chrono Boost)  
  29  2:58  Sentry x2  
  34  2:59  Shield Battery, Probe (Chrono Boost)  
  35  3:08  Probe (Chrono Boost)  
  36  3:15  Pylon  
  37  3:20  Probe (Chrono Boost)  
  37  3:28  Twilight Council, Probe (Chrono Boost)  
  38  3:34  Probe  
  39  3:46  Forge  
  40  3:49  Probe (Chrono Boost), Sentry  
  40  3:50  Stalker  
  40  3:52  Probe (Chrono Boost)  
  45  4:02  Probe (Chrono Boost)  
  47  4:03  Probe (Chrono Boost)  
  47  4:07  Blink (Chrono Boost), Probe (Chrono Boost)  
  48  4:10  Probe  
  48  4:14  Stalker  
  48  4:16  Protoss Ground Weapons Level 1 (Chrono Boost)  
  51  4:19  Probe (Chrono Boost)  
  52  4:25  Stalker  
  52  4:29  Probe (Chrono Boost)  
  52  4:31  Probe (Chrono Boost)  
  56  4:33  Pylon  
  56  4:37  Probe (Chrono Boost)  
  56  4:38  Assimilator, Probe (Chrono Boost)  
  58  4:43  Pylon  
  58  4:52  Stalker x2  
  58  4:55  Probe x2  
  63  5:04  Nexus  
  63  5:09  Pylon  
  62  5:15  Robotics Facility  
  62  5:18  Probe x2  
  64  5:23  Stalker x2  
  68  5:30  Probe x2  
  68  5:32  Gateway  
  70  5:36  Gateway  
  70  5:45  Probe  
  71  5:51  Probe  
  72  5:57  Gateway  
  72  5:58  Gateway  
  72  5:59  Probe  
  72  6:03  Stalker x2, Pylon, Probe  
  79  6:11  Observer, Probe  
  79  6:15  Probe  
  79  6:16  Probe  
  79  6:17  Protoss Ground Weapons Level 2 (Chrono Boost)  
  82  6:19  Pylon  
  82  6:23  Probe  
  83  6:30  Stalker x2  
  89  6:36  Probe  
  89  6:38  Stalker x2  
  89  6:39  Warp Prism (Chrono Boost)  
  92  6:41  Shield Battery  
  92  6:44  Probe  
  95  6:54  Stalker x3  
  95  6:55  Stalker  
  95  6:59  Assimilator  
  101  7:01  Photon Cannon  
  101  7:02  Probe  
  101  7:03  Probe  
  101  7:04  Probe  
  104  7:12  Photon Cannon  
  104  7:13  Photon Cannon  
  104  7:22  Stalker x3  
  108  7:25  Pylon, Probe  
  111  7:37  Probe  
  111  7:39  Stalker x2  
  111  7:42  Pylon  
  111  7:43  Stalker  
  118  7:45  Pylon  
  118  7:46  Pylon  
  118  7:47  Pylon, Probe  
  119  7:51  Probe  
  119  7:53  Assimilator  
  119  7:54  Assimilator  
  119  7:55  Probe  
  121  7:59  Probe  
  121  8:03  Probe  
  123  8:08  Probe  
  123  8:12  Stalker x3  
  126  8:13  Stalker x3  
  134  8:30  Robotics Bay, Pylon, Robotics Facility  
  134  8:38  Stalker x3  
  134  8:39  Stalker x3  
  145  8:42  Observer (Chrono Boost)  
  145  8:45  Probe x2  
  138  8:55  Probe  
  132  9:01  Nexus  
  132  9:03  Observer (Chrono Boost)  
  132  9:09  Probe  
  133  9:11  Photon Cannon  
  133  9:12  Shield Battery  
  133  9:14  Probe  
  133  9:16  Protoss Ground Weapons Level 3  
  133  9:17  Disruptor (Chrono Boost), Shield Battery  
  140  9:24  Disruptor (Chrono Boost)  
  140  9:36  Pylon  
  140  9:43  Pylon, Disruptor (Chrono Boost)  
  144  9:45  Probe  
  144  9:46  Probe x2  
  144  9:49  Disruptor (Chrono Boost)  
  149  9:57  Assimilator, Probe  
  149  9:58  Probe x2  
  152  10:02  Assimilator  
  152  10:06  Photon Cannon  
  152  10:08  Shield Battery  
  152  10:11  Disruptor (Chrono Boost)  
  155  10:14  Photon Cannon, Probe x3  
  155  10:20  Shield Battery  
  155  10:21  Shield Battery  
  158  10:22  Stalker x3, Disruptor (Chrono Boost)  
  167  10:33  Stalker x2  
  167  10:35  Stalker  
  173  10:38  Disruptor (Chrono Boost)  
  173  10:41  Pylon  
  176  10:50  Photon Cannon, Disruptor  
  176  10:52  Photon Cannon  
  176  10:55  Pylon  
  179  10:58  Stalker x3  
  179  10:59  Stalker  
  179  11:03  Stalker, Gravitic Boosters  
  179  11:04  Stalker  
  191  11:09  Dark Shrine  
  191  11:14  Observer  
  182  11:27  Observer (Chrono Boost)  
  182  11:29  Stalker x3  
  182  11:30  Stalker x3  
  195  11:34  Gateway  
  195  11:37  Gateway  
  195  11:38  Observer (Chrono Boost)  
  196  11:44  Nexus, Observer (Chrono Boost)  
  197  11:48  Pylon  
  197  11:56  Stalker  
  199  12:04  Observer  
  199  12:16  Photon Cannon, Protoss Shields Level 1 (Chrono Boost)  
  199  12:17  Photon Cannon  
  199  12:19  Photon Cannon  
  199  12:23  Shadow Stride  
  187  12:40  Disruptor x2  
  177  12:53  Stalker x8  
  177  12:57  Probe  
  190  13:05  Probe x2  
  190  13:10  Photon Cannon  
  190  13:11  Probe  
  190  13:12  Photon Cannon  
  193  13:15  Disruptor x2  
  199  13:25  Photon Cannon x3  
  199  13:26  Photon Cannon  
  199  13:38  Assimilator  
  199  13:40  Assimilator  
  199  13:41  Photon Cannon  
  199  13:42  Photon Cannon  
  199  13:43  Stargate  
  199  13:45  Shield Battery  
  199  13:53  Protoss Air Weapons Level 1  
  199  13:55  Observer  
  199  13:58  Cybernetics Core  
  197  14:14  Photon Cannon  
  197  14:15  Photon Cannon  
  197  14:17  Photon Cannon x2  
  197  14:18  Photon Cannon  
  197  14:22  Photon Cannon  
  195  14:24  Disruptor (Chrono Boost)  
  190  14:35  Disruptor (Chrono Boost)  
  169  14:39  Stalker, Dark Templar x4  
  169  14:40  Dark Templar x3  
  185  14:47  Oracle  
  185  14:50  Fleet Beacon  
  185  14:51  Protoss Shields Level 2 (Chrono Boost)  
  185  14:52  Stargate  
  188  14:56  Stargate  
  188  14:57  Disruptor (Chrono Boost)  
  188  14:59  Stargate x2  
  191  15:01  Photon Cannon  
  191  15:02  Photon Cannon  
  191  15:03  Photon Cannon  
  191  15:04  Disruptor (Chrono Boost)  
  191  15:05  Photon Cannon  
  194  15:07  Photon Cannon  
  194  15:12  Photon Cannon x2  
  194  15:26  Disruptor  
  195  15:36  Disruptor  
  192  15:56  Oracle  
  185  16:01  Disruptor  
  188  16:10  Protoss Air Weapons Level 2 (Chrono Boost)  
  188  16:12  Disruptor, Protoss Air Armor Level 1 (Chrono Boost)  
  191  16:22  Nexus  
  168  16:40  Stalker x6, Mothership (Chrono Boost)  
  168  16:41  Stalker x2  
  192  16:50  Observer x2  
  192  16:56  Pylon  
  192  16:57  Unknown  
  192  17:02  Pylon  
  190  17:09  Dark Templar x4  
  190  17:10  Dark Templar, Gateway  
  190  17:11  Gateway  
  190  17:14  Gateway  
  199  17:17  Gateway  
  199  17:22  Gateway  
  199  17:24  Photon Cannon, Gateway  
  199  17:26  Photon Cannon  
  199  17:28  Photon Cannon, Gateway  
  199  17:29  Shield Battery  
  199  17:33  Photon Cannon  
  199  17:34  Photon Cannon x2  
  199  17:37  Photon Cannon  
  199  17:38  Pylon  
  199  17:39  Shield Battery  
  199  17:42  Photon Cannon  
  199  17:43  Shield Battery  
  197  17:46  Photon Cannon  
  197  17:48  Photon Cannon x3  
  197  17:50  Photon Cannon  
  193  17:51  Photon Cannon  
  192  18:10  Observer x2  
  194  18:29  Dark Templar x7  
Tags
 
Add a new tag
Caveats
  • Supply blocks, unpowered buildings, or Contaminate may cause inaccurate times.
  • Supply counts are checked every 10 seconds.